 Dungeon Crawl Stone Soup version 0.29.0-4-gdea44cf6ec (webtiles) character file.

Game seed: 14291632177927550801

480 qw the Chopper (level 7, -4/40 HPs)
             Began as a Tengu Warper on Aug 28, 2022.
             Splashed by a jelly's acid (12 damage)
             ... on level 4 of the Dungeon.
             The game lasted 00:00:20 (4423 turns).

qw the Chopper (Tengu Warper)                       Turns: 4423, Time: 00:00:20

Health: -4/40      AC: -1    Str: 13    XL:     7   Next: 11%
Magic:  11/11      EV:  7    Int: 14    God:
Gold:   182        SH:  0    Dex: 13    Spells: 10/10 levels left

rFire   . . .      SeeInvis .   Y - +2 hand axe
rCold   . . .      Faith    .   (no shield)
rNeg    . . .      Spirit   .   e - +0 chain mail
rPois   .          Reflect  .   (helmet restricted)
rElec   .          Harm     .   f - +0 cloak
rCorr   .          Rampage  .   (no gloves)
Will    .....                   (boots unavailable)
Stlth   ..........              (no amulet)
HPRegen 0.13/turn               (no ring)
MPRegen 0.12/turn               (no ring)

@: corroded, flying quickly and evasively, quick
A: beak, talons 3, nimble flight
a: no special abilities


You were on level 4 of the Dungeon.
You visited 1 branch of the dungeon, and saw 4 of its levels.

You collected 182 gold pieces.


Innate Abilities, Weirdness & Mutations

You have a beak for a mouth.
You have claws for feet.
Your magical nature lets you fly swiftly and evasively.


   Skills:
 - Level 2.0 Fighting
 + Level 6.7 Axes
 - Level 1.0 Throwing
 - Level 4.6 Armour
 - Level 2.1 Dodging
 - Level 2.0 Spellcasting
 - Level 2.4 Translocations


You had 10 spell levels left.
You didn't know any spells.
Your spell library contained the following spells:

 Spells                   Type           Power      Damage    Failure   Level
 Blink                    Tloc           16%        N/A       98%         2
 Gell's Gravitas          Tloc           8%         N/A       100%        3
 Lesser Beckoning         Tloc           8%         N/A       100%        3
 Teleport Other           Tloc           8%         N/A       100%        3
 Manifold Assault         Tloc           8%         N/A       100%        5

Inventory:

Hand Weapons
 i - a +0 mace
 Y - a +2 hand axe (weapon)
Armour
 e - a +0 chain mail (worn)
 f - a +0 cloak (worn)
Scrolls
 g - a scroll of magic mapping {unknown}
 h - a scroll of identify
Potions
 a - a potion of attraction {unknown}
 b - 2 potions of flight {unknown}
 c - a potion of resistance {unknown}
 d - a potion of haste
 k - 2 potions of curing

Dungeon Overview and Level Annotations

Branches:
Dungeon (4/15)
 Temple: D:4-7

Altars:


Message History

The jelly quivers.
Things that are here:
a +0 club; a goblin corpse A jelly and a hobgoblin come into view.
The hobgoblin shouts!
You closely miss the hobgoblin. Your peck misses the hobgoblin.
The hobgoblin hits you but does no damage.
You hit the hobgoblin.
The hobgoblin is lightly wounded.
The hobgoblin barely misses you.
A kobold comes into view. It is wielding a +0 dagger.
4414 ||| Stepping ~*~*~tactically~*~*~ (stealth).
You slash the jelly! The acid corrodes you!
Your hands burn!
You peck the jelly, but do no damage.
The jelly is heavily wounded.
The jelly hits you but does no damage.
You hit the jelly but do no damage.
Your hands burn!
The jelly is heavily wounded.
The jelly hits you but does no damage.
You hit the jelly but do no damage. The acid corrodes you!
Your hands burn!
You peck the jelly, but do no damage.
The jelly is heavily wounded.
The jelly hits you.
You are splashed with acid!
You completely miss the jelly. Your kick misses the jelly.
The jelly is heavily wounded.
The jelly barely misses you.
You hit the jelly but do no damage.
Your hands burn!
You claw the jelly, but do no damage.
The jelly is heavily wounded.
The jelly hits you. The acid corrodes you!
You are splashed with acid!
4421 ||| DRINKING potion of heal wounds.
You feel much better. The jelly hits you.
You are splashed with acid!
You barely miss the jelly. Your kick misses the jelly. You peck the jelly.
The jelly is heavily wounded.
The jelly hits you.
You are splashed with acid.
You completely miss the jelly. You peck the jelly, but do no damage.
The jelly is heavily wounded.
The jelly hits you.
You are splashed with acid!
You die...

#.# #......## # ..
##.......## #
##.........###
######.............
####..................
#......#.............#
...####.#............##
#.J).#.............#
#...#@.#..............
#....#.##..........##..
#....##.#.....###...
##. #...# ..#..####
#..# ##. #...# .## #...
#.. #K## .# #..# ##..
#. # ... ##... ..##....
........


You could see a jelly.

Vanquished Creatures
  Sigmund (D:3)
  A black bear (D:4)
  An iguana (D:4)
  Jessica (D:2)
  Ijyb (D:3)
  Terence (D:3)
  5 adders
  2 worms
  A dart slug (D:1)
  An orc (D:3)
  2 endoplasms
  6 giant cockroaches
  6 hobgoblins
  3 jackals (D:3)
  3 quokkas
  5 ball pythons
  6 bats
  3 frilled lizards
  6 goblins
  5 kobolds
  3 rats
63 creatures vanquished.

Notes
Turn   | Place    | Note
-------+----------+-------------------------------------------
     0 | D:1      | qw the Tengu Warper began the quest for the Orb.
     0 | D:1      | Reached XP level 1. HP: 12/12 MP: 4/4
     0 | D:1      | 0 ||| qw: Version: 0.1-a-89-g26bdef1
     0 | D:1      | 0 ||| qw: Game counter: 3166
     0 | D:1      | 0 ||| qw: Always use a shield: true
     0 | D:1      | 0 ||| qw: God list: Okawaru
     0 | D:1      | 0 ||| qw: Allow faded altars: false
     0 | D:1      | 0 ||| qw: Do Orc after D:15 true
     0 | D:1      | 0 ||| qw: Do second Lair branch before Depths: true
     0 | D:1      | 0 ||| qw: Lair rune preference: random
     0 | D:1      | 0 ||| qw: Plans: Normal
     0 | D:1      | 0 ||| PLANNING D:1-11
   106 | D:1      | 106 ||| Stepping ~*~*~tactically~*~*~ (stealth).
   107 | D:1      | 107 ||| Stepping ~*~*~tactically~*~*~ (stealth).
   156 | D:1      | 156 ||| DROPPING +0 club.
   158 | D:1      | 158 ||| Stepping ~*~*~tactically~*~*~ (stealth).
   161 | D:1      | 161 ||| Stepping ~*~*~tactically~*~*~ (stealth).
   172 | D:1      | Reached XP level 2. HP: 8/17 MP: 6/6
   173 | D:1      | Reached skill level 3 in Axes
   927 | D:1      | 927 ||| UPGRADING to +0 chain mail.
   937 | D:1      | 937 ||| DROPPING +0 leather armour.
   938 | D:1      | 938 ||| UPGRADING to +0 cloak.
   943 | D:1      | 943 ||| READING scroll labelled ECABEI URUMN.
   944 | D:1      | 944 ||| READING 4 scrolls labelled QIKETO ERAT.
   945 | D:1      | 945 ||| READING scroll labelled UKOSIU SOJYJ.
   946 | D:1      | 946 ||| READING 3 scrolls of identify.
   946 | D:1      | 946 ||| IDENTIFYING dark potion
   947 | D:1      | 947 ||| READING 2 scrolls of identify.
   947 | D:1      | 947 ||| IDENTIFYING white potion
   948 | D:1      | 948 ||| DROPPING scroll of blinking.
   949 | D:1      | 949 ||| DROPPING potion of lignification.
   950 | D:1      | 950 ||| Stepping randomly (stuck).
   951 | D:1      | 951 ||| Stepping ~*~*~tactically~*~*~ (cloud).
  1256 | D:2      | Reached XP level 3. HP: 21/21 MP: 7/7
  1285 | D:2      | Reached skill level 4 in Axes
  1565 | D:2      | Noticed Jessica
  1569 | D:2      | HP: 3/21 [Jessica/+0 dagger (6)]
  1570 | D:2      | Killed Jessica
  1571 | D:2      | Reached XP level 4. HP: 3/26 MP: 8/8
  2528 | D:2      | Reached skill level 5 in Axes
  2776 | D:2      | 2776 ||| READING scroll labelled WINIDY PULI.
  2777 | D:2      | 2777 ||| READING 2 scrolls labelled UDAEMNUFAS.
  2778 | D:2      | 2778 ||| READING scroll of enchant weapon.
  2778 | D:2      | 2778 ||| ENCHANTING +1 hand axe.
  2779 | D:2      | 2779 ||| READING scroll labelled LIAXKA IBRAURO.
  2780 | D:2      | 2780 ||| DRINKING 2 blue potions.
  2781 | D:2      | 2781 ||| READING 2 scrolls of identify.
  2781 | D:2      | 2781 ||| IDENTIFYING cyan potion
  2844 | D:3      | 2844 ||| Stepping ~*~*~tactically~*~*~ (hiding).
  2849 | D:3      | Noticed Sigmund
  2857 | D:3      | Killed Sigmund
  2858 | D:3      | Gained mutation: Your magical nature lets you fly swiftly
                  | and evasively. [Tengu growth]
  2858 | D:3      | Reached XP level 5. HP: 21/30 MP: 9/9
  2858 | D:3      | Reached XP level 6. HP: 25/35 MP: 10/10
  2924 | D:3      | HP: 8/35 [poisoned by an adder]
  3204 | D:3      | Noticed Ijyb
  3216 | D:3      | 3216 ||| DRINKING 2 potions of curing.
  3216 | D:3      | 3216 ||| (to cure confusion)
  3222 | D:3      | Killed Ijyb
  3407 | D:3      | 3407 ||| Stepping ~*~*~tactically~*~*~ (hiding).
  3408 | D:3      | 3408 ||| Stepping ~*~*~tactically~*~*~ (hiding).
  3484 | D:3      | Noticed Terence
  3496 | D:3      | Killed Terence
  3658 | D:4      | 3658 ||| STAIRDANCE
  3786 | D:4      | Reached skill level 6 in Axes
  4093 | D:4      | Noticed a black bear
  4106 | D:4      | HP: 7/35 [black bear (3)]
  4106 | D:4      | HP: 1/35 [black bear (6)]
  4107 | D:4      | 4107 ||| DRINKING 2 potions of heal wounds.
  4109 | D:4      | Killed a black bear
  4110 | D:4      | Reached XP level 7. HP: 12/40 MP: 11/11
  4414 | D:4      | 4414 ||| Stepping ~*~*~tactically~*~*~ (stealth).
  4420 | D:4      | HP: 5/40 [acid (9)]
  4421 | D:4      | 4421 ||| DRINKING potion of heal wounds.
  4423 | D:4      | Splashed by a jelly's acid

Levels and vault maps discovered:
D:1:      minmay_arrival_shattered_statue, layout_rooms
D:2:      layout_basic, minivault_27, mrwooster_statue_mirror, uniq_jessica
D:3:      cheibrodos_helix_gallery, layout_rooms, uniq_sigmund, uniq_ijyb,
          uniq_terence
D:4:      minmay_evil_eye, layout_layer_cave

Skill      XL: |  1  2  3  4  5  6 |
---------------+-------------------+-----
Axes           | 3 4 5 6 |  6.7
Armour         | 4 |  4.6
Fighting       | |  2.0
Throwing       | |  1.0
Dodging        | |  2.1
Spellcasting   | |  2.0
Translocations | |  2.4

Action                   |  1- 3 |  4- 6 |  7- 9 || total
-------------------------+-------+-------+-------++-------
Melee: Hand axe          |    70 |   114 |    20 ||   204
       Kick              |    13 |    36 |     3 ||    52
       Peck              |     7 |    15 |     6 ||    28
       Punch             |       |     3 |       ||     3
Throw: Boomerang         |     7 |       |       ||     7
  Use: Scroll            |     5 |     5 |       ||    10
       Potion            |       |     3 |     1 ||     4
Armor: Leather armour    |    11 |       |       ||    11
       Chain mail        |    17 |    60 |     8 ||    85
Dodge: Dodged            |    29 |    37 |     4 ||    70

Table legend:
 A = Non-vault XP
 B = Vault XP
 C = Vault XP percentage of total XP
 D = Non-vault monster count
 E = Vault monster count
 F = Vault count percentage of total count
                 A         B        C        D         E       F
            +---------+---------+-------+---------+---------+-------
      Total |     330 |     356 |  51.9 |      55 |       8 |  12.7
            +---------+---------+-------+---------+---------+-------
        D:1 |      33 |       0 |   0.0 |      21 |       0 |   0.0
        D:2 |      57 |      37 |  39.4 |      12 |       1 |   7.7
        D:3 |      46 |     315 |  87.3 |      13 |       5 |  27.8
        D:4 |     194 |       4 |   2.0 |       9 |       2 |  18.2
            +---------+---------+-------+---------+---------+-------
